 Dungeon Crawl Stone Soup version 0.30-a0-639-g3916f1956a (webtiles) character file.

Game seed: 10551483572582833774

10037 lesbiats the Grappler (level 11, -1/109 HPs)
             Began as a Troll Fighter on Jan 16, 2023.
             Was an Elder of Wu Jian.
             Slain by Erica
             ... wielding a +2 scimitar of flaming
              (6 damage)
             ... on level 9 of the Dungeon.
             The game lasted 00:25:24 (8528 turns).

lesbiats the Grappler (Troll Fighter)               Turns: 8528, Time: 00:25:24

Health: -1/109     AC:  8    Str: 26    XL:     11   Next: 30%
Magic:  10/10      EV: 10    Int:  8    God:    Wu Jian [****..]
Gold:   656        SH:  9    Dex:  9    Spells: 10/10 levels left

rFire   + . .      SeeInvis .      - Unarmed
rCold   . . .      Faith    .    b - +0 kite shield
rNeg    . . .      Spirit   .    a - +0 steam dragon scales
rPois   .          Reflect  .    (helmet restricted)
rElec   .          Harm     .    O - +0 cloak
rCorr   .          Rampage  .    (gloves unavailable)
Will    +....                    (boots unavailable)
Stlth   +                        d - amulet of regeneration
HPRegen 1.98/turn                m - ring of willpower
MPRegen 0.12/turn                F - ring of protection from fire

@: lethally poisoned (-1 -> -2)
A: large, unfitting armour, claws 3, regeneration 1, shaggy fur 1, tough skin 1
a: Renounce Religion, Wall Jump, Serpent's Lash


You were on level 9 of the Dungeon.
You worshipped Wu Jian.
Wu Jian was greatly pleased with you.
You visited 2 branches of the dungeon, and saw 13 of its levels.
You also visited: Ossuary.

You collected 656 gold pieces.

Inventory:

Hand Weapons
 C - the +4 dagger "Morg" {pain, Will+ Int+5}
   (You found it on level 5 of the Dungeon)

   Int:       It affects your intelligence (+5).
   Will:      It increases your willpower.
Missiles
 e - 16 poisoned darts (quivered)
 g - a curare-tipped dart
 i - 8 boomerangs
 u - 6 silver javelins
 L - 3 javelins
Armour
 a - +0 steam dragon scales (worn)
 b - a +0 kite shield (worn)
 s - a +1 robe of the Archmagi
 O - a +0 cloak (worn)
Magical Staves
 t - a staff of earth
Jewellery
 d - an amulet of regeneration (around neck)
 f - a ring of ice
 m - a ring of willpower (left claw)
 F - a ring of protection from fire (right claw)
Wands
 o - a wand of roots (23)
 y - a wand of digging (7)
 N - a wand of mindburst (15)
 Q - a wand of polymorph (12)
Scrolls
 h - a scroll of amnesia {unknown}
 j - 3 scrolls of fog
 l - 2 scrolls of vulnerability
 n - 2 scrolls of poison
 r - a scroll of summoning {unknown}
 w - a scroll of enchant weapon
 x - a scroll of acquirement {unknown}
 D - 5 scrolls of immolation
 E - 6 scrolls of noise
 H - a scroll of enchant armour {unknown}
 J - a scroll of silence {unknown}
 P - a scroll of teleportation
Potions
 c - 3 potions of might
 k - 3 potions of mutation
 p - 2 potions of curing
 q - a potion of berserk rage {unknown}
 v - a potion of haste {unknown}
 z - 10 potions of degeneration
 A - a potion of flight {unknown}
 B - 2 potions of heal wounds
 I - 2 potions of resistance
 K - 2 potions of lignification
 R - 3 potions of brilliance


   Skills:
 + Level 7.3 Fighting
 * Level 6.7 Dodging
 + Level 8.0 Shields
 * Level 11.8 Unarmed Combat


You had 10 spell levels left.
You didn't know any spells.
Your spell library contained the following spells:

 Spells                   Type           Power      Damage    Failure   Level
 Necrotise                Necr           0%         1d4       65%         1
 Static Discharge         Conj/Air       0%         2-2/arc   78%         2
 Call Canine Familiar     Summ           0%         N/A       95%         3
 Frozen Ramparts          Ice            0%         1d1       95%         3
 Portal Projectile        Hex/Tloc       0%         N/A       95%         3
 Vampiric Draining        Necr           0%         2d6       95%         3
 Vhi's Electric Charge    Tloc/Air       0%         N/A       95%         3
 Ice Form                 Ice/Tmut       0%         N/A       100%        4
 Leda's Liquefaction      Hex/Erth       0%         N/A       100%        4
 Summon Ice Beast         Ice/Summ       0%         N/A       100%        4
 Agony                    Necr           0%         N/A       100%        5
 Arcjolt                  Conj/Air       0%         1d10      100%        5
 Lightning Bolt           Conj/Air       0%         1d11      100%        5


Dungeon Overview and Level Annotations

Branches:
Dungeon (12/15)            Temple (1/1) D:4         Ossuary (visited)
   Lair: D:8-11         Orc: D:9-12

Altars:
Ashenzari
Cheibriados
Elyvilon
Fedhas
Gozag
Hepliaklqana
Kikubaaqudgha
Makhleb
Nemelex Xobeh
Okawaru
Qazlal
Sif Muna
Trog
Uskayaw
Wu Jian
Zin
The Shining One

Annotations:
D:9 Erica
D:10 Psyche


Innate Abilities, Weirdness & Mutations

You are too large for most types of armour.
You have claws for hands.
Your natural rate of healing is unusually fast.
You are covered in fur. (AC +1)
You have tough skin. (AC +1)


Message History

The ufetubus misses you. The ufetubus hits you.
The ufetubus hits you but does no damage.
The ufetubus hits you. The ufetubus barely misses you. The ufetubus hits you.
The ufetubus hits you but does no damage.
You block the ufetubus's attack. Something hits you! Something burns you.
* * * LOW HITPOINT WARNING * * *
Deactivating autopickup; reactivate with Ctrl-A.
You climb upwards.
The ufetubus disappears in a puff of smoke! x3
Reactivating autopickup.
There is a stone staircase leading down, spattered with blood here.
You claw the ynoxinul!
The ynoxinul is almost dead.
The ynoxinul closely misses you. Something hits you.
Deactivating autopickup; reactivate with Ctrl-A.
You mangle the ynoxinul!!
You kill the ynoxinul!
The Council accepts your kill.
Your Shields skill increases to level 8!
There is a strange disturbance nearby!
There is a strange disturbance nearby!
You closely miss something.
You hear some strange, mumbled words.
A bolt of poison appears from out of thin air!
The bolt of poison hits you!
You are poisoned.
* * * LOW HITPOINT WARNING * * *
You mangle something!!
You feel very sick. You block something's attack.
You closely miss something.
You feel very sick. Something hits you.
* * * LOW HITPOINT WARNING * * *
Something burns you.
* * * LOW HITPOINT WARNING * * *
You miss something.
You feel sick. Something hits you!
* * * LOW HITPOINT WARNING * * *
You claw something!
You feel sick. Something hits you.
You die...

#......................
#......................
#......................
#######################
#######################
#.....[)...............
#....{@................
#)#####################
#[# #)#
#(#####################
#.).........[...[......
#.................(....
#...................###
#...................#


There were no monsters in sight!

Vanquished Creatures
  A centaur warrior (D:9)
  A two-headed ogre (D:9)
  A tengu warrior (D:8)
  Pikel (D:7)
  A shadow (D:9)
  A hog (shapeshifter) (D:9)
  2 wyverns
  8 yaks (D:9)
  A ynoxinul (D:9)
  A wraith (D:5)
  Grum (D:9)
  Menkaure (D:4)
  A steam dragon (D:7)
  A water moccasin (D:6)
  3 orc warriors (D:9)
  3 ice beasts
  4 black bears
  4 sky beasts
  An ogre (D:4)
  The ghost of timneilson the Slasher, an amateur DsGl (D:3)
  2 wolves (D:9)
  A centaur (D:9)
  A lemure (D:7)
  2 phantoms (D:5)
  2 elf zombies (D:7)
  3 kobold brigands
  4 necrophages
  3 bullfrogs
  3 elf skeletons (D:7)
  6 scorpions
  5 wights
  11 killer bees
  A spectral centaur (D:5)
  3 howler monkeys (D:9)
  2 centaur zombies (Ossuary)
  5 jellies
  5 hounds
  6 orc priests
  Crazy Yiuf (D:7)
  2 iguanas
  A gnoll bouda (D:9)
  5 human skeletons (D:7)
  5 orc wizards
  A hound skeleton (D:5)
  5 mummies (Ossuary)
  10 adders
  5 gnolls
  2 shadow imps
  3 white imps
  A howler monkey simulacrum (D:5)
  An ufetubus (D:5)
  3 worms
  4 dart slugs
  32 orcs
  8 endoplasms
  5 giant cockroaches
  12 goblins
  7 hobgoblins
  4 jackals (D:2)
  4 quokkas
  6 ball pythons
  4 bats
  3 frilled lizards (D:1)
  2 gnoll zombies (Ossuary)
  2 goblin zombies (Ossuary)
  A hobgoblin zombie (Ossuary)
  15 kobolds
  An orc skeleton (D:7)
  An orc zombie (Ossuary)
  2 rats
261 creatures vanquished.

Vanquished Creatures (others)
  2 howler monkeys (D:7)
  A bullfrog skeleton (D:5)
  3 demonic plants (D:10)
  17 withered plants (D:5)
23 creatures vanquished.

Grand Total: 284 creatures vanquished

Notes
Turn   | Place    | Note
-------+----------+-------------------------------------------
     0 | D:1      | lesbiats the Troll Fighter began the quest for the Orb.
     0 | D:1      | Reached XP level 1. HP: 22/22 MP: 0/0
   157 | D:1      | Reached XP level 2. HP: 29/29 MP: 1/1
  1153 | D:2      | Reached XP level 3. HP: 27/36 MP: 2/2
  1235 | D:2      | Reached skill level 3 in Unarmed Combat
  1495 | D:3      | Found a runed translucent door.
  1511 | D:3      | Noticed timneilson's ghost (amateur DsGl)
  1609 | D:3      | Reached XP level 4. HP: 44/44 MP: 3/3
  1676 | D:3      | Found a snail-covered altar of Cheibriados.
  1789 | D:3      | Found a bloodstained altar of Trog.
  2484 | D:4      | Reached skill level 4 in Unarmed Combat
  2484 | D:4      | Reached XP level 5. HP: 35/53 MP: 4/4
  2541 | D:4      | Found a staircase to the Ecumenical Temple.
  2587 | Temple   | Entered the Ecumenical Temple
  2594 | Temple   | Became a worshipper of the Wu Jian Council
  2750 | D:4      | Noticed an ogre
  2761 | D:4      | Killed an ogre
  2762 | D:4      | Reached XP level 6. HP: 61/61 MP: 5/5
  2845 | D:4      | Noticed Menkaure
  2866 | D:4      | Killed Menkaure
  2867 | D:4      | Reached skill level 5 in Unarmed Combat
  3050 | D:4      | Found an iron altar of Okawaru.
  3208 | D:5      | Entered Level 5 of the Dungeon
  3257 | D:5      | Reached XP level 7. HP: 68/68 MP: 6/6
  3376 | D:5      | Noticed a wraith
  3404 | D:5      | Killed a wraith
  3405 | D:5      | Reached skill level 6 in Unarmed Combat
  3430 | D:5      | Found the +4 dagger "Morg" {pain, Will+ Int+5}
  3605 | D:5      | Found a sparkling altar of Nemelex Xobeh.
  3737 | D:5      | Found a shimmering blue altar of Sif Muna.
  3904 | D:3      | Killed timneilson's ghost
  3905 | D:3      | Reached skill level 5 in Shields
  3905 | D:3      | Reached XP level 8. HP: 73/79 MP: 7/7
  3980 | D:6      | Reached skill level 7 in Unarmed Combat
  4032 | D:6      | Found a broken altar of Ashenzari.
  4162 | D:6      | Reached * piety under Wu Jian
  4251 | D:6      | Reached skill level 5 in Fighting
  4308 | D:6      | Found a glowing golden altar of the Shining One.
  4412 | D:6      | Reached skill level 8 in Unarmed Combat
  4533 | D:6      | Reached XP level 9. HP: 87/88 MP: 8/8
  4625 | D:6      | Found a hazy altar of Hepliaklqana.
  4711 | D:6      | Reached skill level 9 in Unarmed Combat
  5208 | D:7      | Reached ** piety under Wu Jian
  5347 | D:7      | Found a sand-covered staircase.
  5352 | Ossuary  | Entered an ossuary
  5684 | D:7      | Found a runed translucent door.
  5685 | D:7      | Noticed Crazy Yiuf
  5690 | D:7      | Killed Crazy Yiuf
  5741 | D:7      | Found a glowing silver altar of Zin.
  5745 | D:7      | Found an opulent altar of Gozag.
  5814 | D:7      | Found a white marble altar of Elyvilon.
  5850 | D:7      | Noticed Pikel
  5864 | D:7      | Killed Pikel
  5865 | D:7      | Reached skill level 10 in Unarmed Combat
  5865 | D:7      | Reached XP level 10. HP: 98/98 MP: 9/9
  5889 | D:7      | Reached *** piety under Wu Jian
  6039 | D:7      | Found a blossoming altar of Fedhas.
  6924 | D:9      | You fall into a shaft and drop 3 floors!
  7001 | D:11     | Noticed a red ugly thing
  7020 | D:11     | Noticed a manticore
  7137 | D:11     | Noticed a gargoyle
  7150 | D:10     | Entered Level 10 of the Dungeon
  7153 | D:10     | Noticed Psyche
  7340 | D:9      | Reached skill level 5 in Dodging
  7409 | D:9      | HP: 5/100 [poisoned by a killer bee]
  7409 | D:9      | HP: 2/100 [killer bee (3)]
  7573 | D:9      | Noticed Grum
  7577 | D:9      | Killed Grum
  7580 | D:9      | Reached skill level 11 in Unarmed Combat
  7832 | D:9      | Noticed a two-headed ogre
  7844 | D:9      | Killed a two-headed ogre
  7845 | D:9      | Reached XP level 11. HP: 109/109 MP: 10/10
  7847 | D:9      | Reached **** piety under Wu Jian
  8091 | D:9      | Noticed a centaur warrior
  8098 | D:9      | Noticed a tengu warrior
  8101 | D:9      | Killed a centaur warrior
  8145 | D:8      | Killed a tengu warrior
  8418 | D:10     | Found a burning altar of Makhleb.
  8492 | D:10     | Noticed Erica
  8527 | D:9      | HP: 5/109 [something (17)]
  8528 | D:9      | Slain by Erica

Illustrated notes

Levels and vault maps discovered:
D:1:      dpeg_arrival_rooms_a, layout_loops_corners, minmay_door_square,
          dk_noncrumbling_3, minmay_tetromino_i2
D:2:      layout_basic, minmay_misc_feat_secret_circle
D:3:      minmay_inner_zag, layout_basic, trog_three_pillars_becter,
          mainiacjoe_overflow_cross_hatched, gammafunk_ghost_grave,
          grunt_decor_cap, st_stairs_2, minmay_checkerbox
D:4:      layout_loops_cross, mainiacjoe_overflow_alcove_4,
          minmay_temple_entry_gardened_gates, uniq_menkaure
D:5:      layout_rooms, lemuel_doored_altar, nemelex_xobeh_ov_fountains_minmay,
          dilly_guarded_unrand_morg
D:6:      minmay_thinvault, layout_basic, worldfamousw_hep_ancestral_shrine,
          mainiacjoe_overflow_boulevard, old_standard_altar,
          nrook_loot_triangle, corexii_corridor_pit
D:7:      layout_rooms, grunt_temple_overflow_gold_and_silver,
          fedhas_altar_fruit_tree, elyvilon_altar_3,
          nicolae_ossuary_entry_catacombs, uniq_pikel, uniq_crazy_yiuf_cottage
D:8:      layout_basic
D:9:      minmay_cornered_nines, layout_long_grid, kennysheep_generic_room_7,
          uniq_grum
D:10:     minmay_diamond_stairs, layout_irregular_city, lightli_temple_of_fire,
          enter_bailey_4, serial_demonic, serial_demonic_b, serial_demonic_c,
          serial_demonic_f, serial_demonic_c, uniq_psyche, uniq_erica
D:11:     layout_loops_cross, erik_lair_island
D:12:     gammafunk_wand_slinger, layout_basic, erik_orc_1
Temple:   compressed_dpeg_triangle_lava_temple

Skill      XL: |  1  2  3  4  5  6  7  8  9 10 11 |
---------------+----------------------------------+-----
Shields        | 3 4 5 6 7 8 |  8.0
Unarmed Combat | 3 4 5 6 8 10 11 | 11.8
Fighting       | 3 4 5 6 7 |  7.3
Dodging        | 4 6 |  6.7

Action                   |  1- 3 |  4- 6 |  7- 9 | 10-12 || total
-------------------------+-------+-------+-------+-------++-------
Melee: Unarmed           |   120 |   125 |   347 |   317 ||   909
Throw: Dart              |       |     1 |       |     8 ||     9
       Javelin           |       |     2 |       |       ||     2
       Throwing net      |       |       |       |     1 ||     1
Invok: Lunge             |       |     7 |    23 |    17 ||    47
       Whirlwind         |       |       |    10 |    96 ||   106
  Use: Scroll            |       |       |     7 |     8 ||    15
       Potion            |       |       |       |     6 ||     6
Armor: Robe              |    30 |    40 |    70 |    10 ||   150
       Steam dragon scal |       |       |       |   125 ||   125
Dodge: Dodged            |    37 |    38 |    81 |   168 ||   324
Block: Kite shield       |    43 |    53 |    79 |   205 ||   380

Table legend: (Time is in decaauts)
 A = Elapsed time spent in this place.
 B = Non-inter-level travel time spent in this place.
 C = Inter-level travel time spent in this place.
 D = Time resting spent in this place.
 E = Time spent auto-exploring this place.
 F = Levels seen in this place.
 G = Mean time per level.
                   A        B        C        D        E       F      G
               +--------+--------+--------+--------+--------+-----+--------+
         Total |   8536 |   7639 |    897 |    415 |   4589 |  14 |  609.7 |
       Dungeon |   8219 |   7334 |    885 |    368 |   4581 |  12 |  684.9 |
        Temple |     14 |      2 |     12 |      0 |      0 |   1 |   14.0 |
       Ossuary |    302 |    302 |      0 |     47 |      8 |   1 |  302.0 |
               +--------+--------+--------+--------+--------+-----+--------+

Top non-repeatable levels by time:
     D:6: 1176 daAuts
     D:9: 1155 daAuts
     D:3: 1103 daAuts
     D:1: 997 daAuts
     D:4: 797 daAuts
     D:7: 760 daAuts
     D:8: 740 daAuts
     D:5: 604 daAuts
     D:2: 489 daAuts
 Ossuary: 302 daAuts
    D:10: 169 daAuts
    D:11: 166 daAuts
    D:12: 58 daAuts
  Temple: 14 daAuts
